 Dungeon Crawl Stone Soup version 0.32-a0-818-gb728d0252e (webtiles) character file.

Game seed: 10911794480755082509

32 Finalfun the Charlatan (level 3, -2/29 HPs)
             Began as a Coglin Artificer on Mar 24, 2024.
             Slain by a gnoll
             ... wielding a +0 club
              (7 damage)
             ... on level 1 of the Dungeon.
             The game lasted 00:02:27 (1209 turns).

Finalfun the Charlatan (Coglin Artificer)           Turns: 1209, Time: 00:02:28

Health: -2/29      AC:  6    Str: 12    XL:     3   Next: 27%
Magic:  3/3        EV:  9    Int: 10    God:
Gold:   65         SH:  0    Dex: 16    Spells: 2/2 levels left

rFire   . . .        k - +0 dagger {Arnulf}
rCold   . . .        f - +0 dagger {Yongsun}
rNeg    . . .        h - +0 ring mail
rPois   .            (no helmet)
rElec   .            j - +0 cloak
rCorr   .            (no gloves)
SInv    .            (no boots)
Will    .....        (amulet unavailable)
Stlth   +            (ring unavailable)
HPRegen 0.24/turn    (ring unavailable)
MPRegen 0.08/turn    (no gizmo)

%: no passive effects
@: revving
A: off-hand wielding, slow wielding, warmup strikes, no jewellery
a: Invent Gizmo


You were on level 1 of the Dungeon.
You visited 1 branch of the dungeon, and saw 2 of its levels.

You collected 65 gold pieces.

Inventory:

Hand Weapons
 f - a +0 dagger (offhand) {Yongsun}
 k - a +0 dagger (weapon) {Arnulf}
Missiles
 i - 2 poisoned darts
Armour
 h - a +0 ring mail (worn)
 j - a +0 cloak (worn)
Wands
 c - a wand of flame (15) (quivered)
 d - a wand of charming (15)
 e - a wand of iceblast (5)
Scrolls
 l - a scroll of fog {unknown}
 n - a scroll of revelation {unknown}
 o - a scroll of identify {unknown}
Potions
 a - a potion of heal wounds {unknown}
 b - a potion of cancellation {unknown}
 g - 2 potions of lignification {unknown}
 m - a potion of attraction {unknown}


   Skills:
 + Level 3.1 Fighting
 - Level 1.7 Armour
 - Level 0.8 Dodging
 - Level 0.7 Stealth
 - Level 4.0 Evocations


You had 2 spell levels left.
You didn't know any spells.
Your spell library was empty.

Dungeon Overview and Level Annotations

Branches:
Dungeon (2/15)

Altars:


Innate Abilities, Weirdness & Mutations

You can wield a second weapon in your off-hand.
It takes a long time for you to wield or remove held weapons.
Your first few attacks do less damage.
You cannot equip rings or amulets.


Message History

You hit the gnoll with your +0 dagger.
The gnoll is moderately wounded.
You hit the gnoll with your +0 dagger. The gnoll hits you but does no damage.
The gnoll hits you from afar with a +0 spear.
The gnoll misses you. The gnoll closely misses you.
The gnoll attacks as it pursues you! The gnoll hits you but does no damage.
The gnoll attacks as it pursues you! The gnoll hits you with a +0 club.
There is a stone staircase leading up here.
You climb upwards.
There is a stone staircase leading down here.
You start resting.
HP restored.
Key pressed, stopping travel.
Char dumped successfully.
You climb downwards.
The gnoll closely misses you.
The gnoll hits you from afar with a +0 halberd!
The gnoll hits you but does no damage.
The gnoll hits you from afar with a +0 halberd!
There is a stone staircase leading up here.
The gnoll misses you.
The gnoll hits you from afar with a +0 halberd.
* * * LOW HITPOINT WARNING * * *
You climb upwards.
There is a stone staircase leading down here.
You barely miss the gnoll with your +0 dagger.
The gnoll is moderately wounded.
You barely miss the gnoll with your +0 dagger.
The gnoll hits you with a +0 club.
* * * LOW HITPOINT WARNING * * *
You completely miss the gnoll with your +0 dagger.
The gnoll is moderately wounded.
You closely miss the gnoll with your +0 dagger.
The gnoll hits you with a +0 club.
* * * LOW HITPOINT WARNING * * *
You hit the gnoll but do no damage.
The gnoll is moderately wounded.
You completely miss the gnoll with your +0 dagger.
The gnoll hits you with a +0 club!
You die...

#.###.# #.# #.# # ##
#########.###.##### # .#
#.................# # .#
#.#######.....###.# # .# #.#
#.#.#.###.#### # .# #.#
#............##### †# #.#
#g#.#.#........... .#######.#
#@....#.#......### .#.......#
#................. .#.#######
#..............### .#.#####
####.......#......# .......#
#........###.#.###### .#.###.#
###.##.........#.# #. .#.# #.#
##...........##.#.# #.
.#.###.###...............#.# #.
............#.#..........#.#####.


You could see a gnoll.

Vanquished Creatures
  An adder (D:2)
  4 ball pythons (D:1)
  A bat (D:1)
  2 endoplasms
  2 giant cockroaches
  A goblin (D:1)
  3 hobgoblins (D:1)
  2 jackals
  A kobold (D:1)
  A quokka (D:1)
  A frilled lizard (D:1)
  A rat (D:1)
20 creatures vanquished.

Notes
Turn   | Place    | Note
-------+----------+-------------------------------------------
     0 | D:1      | Finalfun the Coglin Artificer began the quest for the Orb.
     0 | D:1      | Reached XP level 1. HP: 15/15 MP: 1/1
   271 | D:1      | Reached XP level 2. HP: 22/22 MP: 2/2
  1023 | D:2      | Reached XP level 3. HP: 25/28 MP: 3/3
  1209 | D:1      | Slain by a gnoll

Illustrated notes

Levels and vault maps discovered:
D:1:      shiori_arrival_maze, layout_loops_ring
D:2:      layout_rooms, serial_bayou_pond_c

Skill      XL: |  1  2  3 |
---------------+----------+-----
Fighting       | 2 3 |  3.1
Armour         | |  1.7
Dodging        | |  0.8
Stealth        | |  0.7
Evocations     | |  4.0

Action                     || total
---------------------------++-------
  Melee: Club              ||    43
         Dagger            ||    92
 Armour: Ring mail         ||    91
  Dodge: Dodged            ||    60

Table legend: (Time is in decaauts)
 A = Elapsed time spent in this place.
 B = Non-inter-level travel time spent in this place.
 C = Inter-level travel time spent in this place.
 D = Time resting spent in this place.
 E = Time spent auto-exploring this place.
 F = Levels seen in this place.
 G = Mean time per level.
                   A        B        C        D        E       F      G
               +--------+--------+--------+--------+--------+-----+--------+
         Total |   1217 |   1118 |     99 |    240 |    649 |   2 |  608.5 |
       Dungeon |   1217 |   1118 |     99 |    240 |    649 |   2 |  608.5 |
               +--------+--------+--------+--------+--------+-----+--------+

Top non-repeatable levels by time:
     D:1: 949 daAuts
     D:2: 268 daAuts
